 Dungeon Crawl Stone Soup version 0.29.1-2-gbd0b4ee654 (webtiles) character file.

Game seed: 10447568923189364350

189 Earthwalker the Trooper (level 5, -5/47 HPs)
             Began as a Minotaur Fighter on Oct 23, 2022.
             Slain by an ogre
             ... wielding a +0 giant spiked club
              (16 damage)
             ... on level 4 of the Dungeon.
             The game lasted 00:03:02 (1931 turns).

Earthwalker the Trooper (Minotaur Fighter)          Turns: 1931, Time: 00:03:03

Health: -5/47      AC:  7    Str: 22    XL:     5   Next: 40%
Magic:  4/4        EV: 10    Int:  5    God:
Gold:   141        SH:  9    Dex: 10    Spells: 4/4 levels left

rFire   . . .      SeeInvis .   a - +0 war axe
rCold   . . .      Faith    .   c - +0 buckler
rNeg    . . .      Spirit   .   b - +0 scale mail
rPois   +          Reflect  +   (helmet restricted)
rElec   .          Harm     .   (no cloak)
rCorr   .          Rampage  .   (no gloves)
Will    .....                   (no boots)
Stlth   ..........              l - amulet of reflection
HPRegen 0.15/turn               i - ring of poison resistance
MPRegen 0.09/turn               (no ring)

@: no status effects
A: horns 2, retaliatory headbutt
a: no special abilities


You were on level 4 of the Dungeon.
You visited 1 branch of the dungeon, and saw 4 of its levels.

You collected 141 gold pieces.

Inventory:

Hand Weapons
 a - a +0 war axe (weapon)
Missiles
 f - 6 poisoned darts (quivered)
Armour
 b - a +0 scale mail (worn)
 c - a +0 buckler (worn)
Jewellery
 i - a ring of poison resistance (left hand)
 l - an amulet of reflection (around neck)
Scrolls
 e - 3 scrolls of fear {unknown}
 k - 4 scrolls of teleportation {unknown}
 p - a scroll of immolation {unknown}
Potions
 d - 2 potions of might
 g - 2 potions of brilliance {unknown}
 h - 2 potions of haste {unknown}
 j - a potion of attraction {unknown}
 m - 2 potions of curing {unknown}
 n - a potion of cancellation {unknown}
 o - a potion of degeneration {unknown}


   Skills:
 * Level 4.8 Fighting
 * Level 3.9 Axes
 * Level 4.6 Armour
 + Level 1.5 Dodging
 * Level 4.7 Shields


You had 4 spell levels left.
You didn't know any spells.
Your spell library contained the following spells:

 Spells                   Type           Power      Damage    Failure   Level
 Sublimation of Blood     Necr           0%         N/A       95%         2
 Wereblood                Tmut           0%         N/A       95%         2
 Tukima's Dance           Hex            0%         N/A       99%         3
 Passage of Golubria      Tloc           0%         N/A       100%        4
 Yara's Violent Unravell  Hex/Tmut       0%         3d3       100%        5
 Summon Hydra             Summ           0%         N/A       100%        7


Dungeon Overview and Level Annotations

Branches:
Dungeon (4/15)
 Temple: D:4-7

Altars:
Gozag
Hepliaklqana
Nemelex Xobeh
Trog
Xom


Innate Abilities, Weirdness & Mutations

You have a pair of horns on your head.
You reflexively headbutt those who attack you in melee.


Message History

The hound is severely wounded.
The hound bites you but does no damage. You block the hound's attack.
You slash the hound!
You kill the hound!
No reachable target in view!
You open the door.
There is an open door here.
A dart slug comes into view.
You slash the dart slug!
You kill the dart slug!
No target in view!
You open the door.
Found a sparkling altar of Nemelex Xobeh and an opulent altar of Gozag.
There is an open door here.
Done exploring.
There is an open door here.
You see here a frilled lizard skeleton.
There is a stone staircase leading down here.
You climb downwards.
The endoplasm quivers.
Found a stone staircase leading down.
There is a stone staircase leading up here.
An ogre comes into view. It is wielding a +0 giant spiked club.
The ogre shouts!
The endoplasm freezes you.
You are frozen.
You slash the endoplasm!
You kill the endoplasm!
The ogre barely misses you.
You barely miss the ogre.
The ogre hits you with a +0 giant spiked club!!
Ouch! That really hurt!
* * * LOW HITPOINT WARNING * * *
You hear a shout!
You are too injured to fight recklessly!
You are too injured to fight recklessly!
You hit the ogre.
The ogre is lightly wounded.
The ogre hits you with a +0 giant spiked club!
You die...

..#.... .#
.......#.#
##
.>.....#.#..
......#.#.
#.......
#....#.#
#....#O# #
#..@.#
#.#....#
#....<.#
#####..#
...# ....#
.##..# #.
#..# # ....


You could see an ogre.

Vanquished Creatures
  A centaur (D:3)
  A hound (D:3)
  2 adders
  2 dart slugs (D:3)
  8 bats
  8 endoplasms
  4 giant cockroaches
  4 goblins
  7 hobgoblins
  4 jackals (D:1)
  3 kobolds
  2 quokkas
  4 ball pythons
  4 frilled lizards
  6 rats
60 creatures vanquished.

Notes
Turn   | Place    | Note
-------+----------+-------------------------------------------
     0 | D:1      | Earthwalker the Minotaur Fighter began the quest for the
                  | Orb.
     0 | D:1      | Reached XP level 1. HP: 19/19 MP: 0/0
   199 | D:1      | Reached XP level 2. HP: 27/27 MP: 1/1
   510 | D:1      | Found a faded altar of an unknown god.
   619 | D:1      | Reached XP level 3. HP: 33/33 MP: 2/2
   887 | D:2      | Identified the +9 rapier of Qoozadd {flame, rPois rN+ Str-3
                  | Dex+9}
  1459 | D:3      | Found a bloodstained altar of Trog.
  1481 | D:3      | Reached XP level 4. HP: 40/40 MP: 3/3
  1526 | D:3      | Noticed a centaur
  1530 | D:3      | Reached skill level 1 in Dodging
  1530 | D:3      | Killed a centaur
  1531 | D:3      | Reached XP level 5. HP: 37/47 MP: 4/4
  1769 | D:3      | Found a shimmering altar of Xom.
  1770 | D:3      | Found a hazy altar of Hepliaklqana.
  1771 | D:3      | Noticed a spectral ugly thing
  1894 | D:3      | Found a sparkling altar of Nemelex Xobeh.
  1894 | D:3      | Found an opulent altar of Gozag.
  1925 | D:4      | Noticed an ogre
  1931 | D:4      | Slain by an ogre

Illustrated notes

Levels and vault maps discovered:
D:1:      saegor_arrival_miasma, layout_basic,
          ebering_ecumenical_altar_abandoned
D:2:      layout_basic, serial_corexii_hall, corexii_hall_statues_l,
          chequers_hall_statues_y
D:3:      layout_rooms, grunt_temple_overflow_opulence,
          regret_index_temple_of_mockery, bloody_trog
D:4:      layout_basic, ebering_ghost_rock_garden, grunt_ministairs_5,
          minmay_shop_enchanted_jewellery, st_stairs_7, uniq_ijyb

Skill      XL: |  1  2  3  4 |
---------------+-------------+-----
Fighting       | 4 |  4.8
Armour         | 4 |  4.6
Shields        | 4 |  4.7
Axes           | 3 |  3.9
Dodging        | 1 |  1.5

Action                   |  1- 3 |  4- 6 || total
-------------------------+-------+-------++-------
Melee: War axe           |    90 |    24 ||   114
       Headbutt          |     7 |     2 ||     9
Armor: Scale mail        |    52 |     7 ||    59
Dodge: Dodged            |    45 |     8 ||    53
Block: Buckler           |    32 |    18 ||    50
       Reflection        |     1 |       ||     1
